 Dungeon Crawl Stone Soup version 0.29-a0-218-gf2abdc9806 (webtiles) character file.

Game seed: 12226275398846173532

259767 Ijustatesigmund the Hill Orc Aeon (level 20, -9/193 HPs)
             Began as a Hill Orc Fighter on Feb 25, 2022.
             Was the Champion of Cheibriados.
             Mangled by a wolf spider (18 damage)
             ... on level 4 of the Spider Nest.
             The game lasted 01:28:55 (35733 turns).

Ijustatesigmund the Hill Orc Aeon (HOFi)           Turns: 35733, Time: 01:28:56

Health: -9/193     AC: 15    Str: 36 (39) XL:     20   Next: 67%
Magic:  44/44      EV: 12    Int: 24 (27) God:    Cheibriados [******]
Gold:   2489       SH:  0    Dex: 27      Spells: 17/19 levels left

rFire   + + +      SeeInvis .   a - +11 war axe "Vaozoest" {elec, rElec rC+ rN+ MP+9}
rCold   + . .      Faith    .   c - +0 kite shield
rNeg    + + .      Spirit   .   q - +2 fire dragon scales
rPois   +          Reflect  .   S - -2 hat of the Alchemist {rElec rPois rF+ rC+ rN+ Will+ rMut rCorr}
rElec   +          Harm     .   (no cloak)
rCorr   +          Rampage  .   N - +1 pair of gloves
rMut    +                       C - +2 pair of boots
Will    ++...                   J - amulet "Risuxiyt" {Contam Regen+ rCorr Dex+2}
Stlth   ..........              f - +4 ring of slaying
HPRegen 1.22/turn               O - +4 ring of evasion
MPRegen 0.29/turn

@: confused, mighty, lethally poisoned (-9 -> -10), corroded, held, slowed, very
slow
A: no striking features
a: Renounce Religion, Bend Time, Temporal Distortion, Slouch, Step From Time


You were on level 4 of the Spider Nest.
You worshipped Cheibriados.
Cheibriados was exalted by your worship.
You visited 7 branches of the dungeon, and saw 33 of its levels.
You visited the Abyss 1 time.
You also visited: Ossuary.

You collected 3249 gold pieces.
You spent 760 gold pieces at shops.

Inventory:

Hand Weapons
 a - the +11 war axe "Vaozoest" (weapon) {elec, rElec rC+ rN+ MP+9}
   (You bought it in a shop on level 6 of the Dungeon)

   It occasionally discharges a powerful burst of electricity upon striking a
   foe.
   rC:        It protects you from cold.
   rElec:     It insulates you from electricity.
   rN:        It protects you from negative energy.
   MP:        It affects your magic capacity (+9).
 k - the +10 mace of Due Proportion {vorpal, Dex+3}
   (You found it on level 3 of the Dungeon)

   It inflicts extra damage upon your enemies.
   Dex:       It affects your dexterity (+3).
 P - a +4 vampiric war axe
Missiles
 m - 47 poisoned darts (quivered)
 t - 4 throwing nets
Armour
 b - a +4 chain mail of poison resistance
 c - a +0 kite shield (worn)
 q - +2 fire dragon scales (worn)
 C - a +2 pair of boots (worn)
 N - a +1 pair of gloves (worn)
 Q - the +3 Mad Mage's Maulers {Infuse+∞ RegenMP Int-3}
   (You bought it in a shop on level 1 of the Orcish Mines)

   It empowers its wearer's blows with all of their magic.
   It causes its wearer's magical reserves to regenerate more quickly.
   Int:       It affects your intelligence (-3).
 R - the +0 buckler of Sunlight {Str+3 Int+8}
   (You found it on level 6 of the Lair of Beasts)

   Str:       It affects your strength (+3).
   Int:       It affects your intelligence (+8).
 S - the -2 hat of the Alchemist (worn) {rElec rPois rF+ rC+ rN+ Will+ rMut rCorr}
   (You found it on level 6 of the Lair of Beasts)

   rF:        It protects you from fire.
   rC:        It protects you from cold.
   rElec:     It insulates you from electricity.
   rPois:     It protects you from poison.
   rN:        It protects you from negative energy.
   rCorr:     It protects you from acid and corrosion.
   rMut:      It protects you from mutation.
   Will:      It increases your willpower.
 W - the +3 faerie dragon scales {Will+ Regen+ rCorr Dex-5 SInv}
   (You took it off the Enchantress on level 1 of the Depths)

   Dex:       It affects your dexterity (-5).
   SInv:      It lets you see invisible.
   Regen:     It increases your rate of health regeneration.
   rCorr:     It protects you from acid and corrosion.
   Will:      It increases your willpower.
Jewellery
 e - a ring of protection from fire
 f - a +4 ring of slaying (left hand)
 h - the ring of Wymeifaesy {Wiz rC+ rCorr}
   (You found it on level 2 of the Spider Nest)

   [ring of wizardry]

   It improves your spell success rate.
   rC:        It protects you from cold.
   rCorr:     It protects you from acid and corrosion.
 j - an amulet of reflection
 J - the amulet "Risuxiyt" (around neck) {Contam Regen+ rCorr Dex+2}
   (You acquired it on level 11 of the Dungeon)

   [amulet of regeneration]

   Dex:       It affects your dexterity (+2).
   Contam:    It causes magical contamination when unequipped.
   Regen:     It increases your rate of health regeneration.
   rCorr:     It protects you from acid and corrosion.
 O - a +4 ring of evasion (right hand)
 U - a +6 ring of strength
 X - a ring of ice
Wands
 g - a wand of digging (11)
 n - a wand of acid (8)
 o - a wand of polymorph (22)
 s - a wand of flame (75)
 y - a wand of paralysis (12)
Scrolls
 l - 2 scrolls of silence
 p - 3 scrolls of amnesia
 r - 4 scrolls of fog
 v - 2 scrolls of fear
 w - 3 scrolls of holy word
 z - 5 scrolls of immolation
 B - 3 scrolls of brand weapon
 F - a scroll of enchant armour
 G - 11 scrolls of identify
 T - 5 scrolls of magic mapping
 V - 3 scrolls of blinking
Potions
 d - 2 potions of might
 i - 7 potions of brilliance
 u - 10 potions of attraction
 x - 11 potions of curing
 A - 2 potions of heal wounds
 D - 4 potions of mutation
 E - 6 potions of lignification
 H - 3 potions of flight
 K - 2 potions of cancellation
 M - 2 potions of magic
 Y - a potion of invisibility
Miscellaneous
 L - a condenser vane


   Skills:
 - Level 20.1 Fighting
 - Level 16.6 Axes
 - Level 14.3 Armour
 + Level 6.5 Dodging
 - Level 14.7 Shields
 - Level 4.5 Transmutations
 + Level 22.8 Invocations
 + Level 10.1 Evocations


You had 17 spell levels left.
You knew the following spells:

 Your Spells              Type           Power      Damage    Failure   Level
a - Wereblood             Tmut           21%        N/A       11%         2

Your spell library contained the following spells:

 Spells                   Type           Power      Damage    Failure   Level
 Beastly Appendage        Tmut           42%        N/A       7%          1
 Magic Dart               Conj           0%         1d3       41%         1
 Slow                     Hex            0%         N/A       41%         1
 Spider Form              Tmut/Pois      10%        N/A       47%         3
 Corpse Rot               Necr/Air       0%         N/A       56%         2
 Ensorcelled Hibernation  Hex/Ice        0%         N/A       56%         2
 Poisonous Vapours        Pois/Air       0%         N/A       56%         2
 Searing Ray              Conj           0%         2d4       56%         2
 Static Discharge         Conj/Air       0%         N/A       56%         2
 Ignite Poison            Fire/Tmut/Pois 7%         N/A       58%         3
 Call Canine Familiar     Summ           0%         N/A       80%         3
 Confusing Touch          Hex            0%         N/A       80%         3
 Mephitic Cloud           Conj/Pois/Air  0%         N/A       80%         3
 Ozocubu's Armour         Ice            0%         N/A       80%         3
 Portal Projectile        Hex/Tloc       0%         N/A       80%         3
 Vampiric Draining        Necr           0%         2d6       80%         3
 Airstrike                Air            0%         N/A       99%         4
 Dispel Undead            Necr           0%         3d6       99%         4
 Fulminant Prism          Conj/Hex       0%         3d6       99%         4
 Iskenderun's Mystic Bla  Conj/Tloc      0%         2d3       99%         4
 Leda's Liquefaction      Hex/Erth       0%         N/A       99%         4
 Sticky Flame             Conj/Fire      0%         2d3       99%         4
 Summon Lightning Spire   Summ/Air       0%         N/A       99%         4
 Fireball                 Conj/Fire      0%         3d3       100%        5
 Freezing Cloud           Conj/Ice/Air   0%         6-21      100%        5
 Lightning Bolt           Conj/Air       0%         1d11      100%        5
 Conjure Ball Lightning   Conj/Air       0%         3x3d6     100%        6
 Death Channel            Necr           0%         N/A       100%        6
 Starburst                Conj/Fire      0%         6d3       100%        6
 Borgnjor's Revivificati  Necr           0%         N/A       100%        8
 Discord                  Hex            0%         N/A       100%        8
 Disjunction              Tloc           0%         N/A       100%        8
 Ignition                 Fire           0%         3d3       100%        8


Dungeon Overview and Level Annotations

Branches:
Dungeon (15/15)            Temple (1/1) D:5            Lair (6/6) D:11
 Shoals (0/4) Lair:3       Spider (4/4) Lair:4        Slime (0/5) Lair:6
    Orc (2/2) D:12            Elf (2/3) Orc:2        Vaults (0/5) D:14
 Depths (3/4) D:15        Ossuary (visited)

Altars:
Ashenzari
Cheibriados
Dithmenos
Elyvilon
Fedhas
Gozag
Hepliaklqana
Kikubaaqudgha
Makhleb
Nemelex Xobeh
Okawaru
Qazlal
Ru
Sif Muna
Trog
Uskayaw
Vehumet
Wu Jian
Xom
Yredelemnul
Zin
The Shining One
Beogh
Jiyva

Shops:
D:6 ((   Orc:1 [   Orc:2 ([*:   Depths:1 :

Portals:
Hell: Depths:1 Depths:2
Pandemonium: Depths:2

Annotations:
Spider:4 Arachne, Donald


Message History

The tarantella touches you!
Arachne hits you with a staff of poison!
Arachne envenoms you.
The wolf spider hits you but does no damage.
The wolf spider bites you but does no damage.
The jorogumo hits you.
You feel yourself slow down.
The entropy weaver points at you and mumbles some strange words.
The entropic weave corrodes you! The tarantella touches you!
You are confused.
Donald hits you with a +1 scimitar of holy wrath!
You feel yourself speed up.
The wolf spider hits you but does no damage.
The wolf spider bites you but does no damage.
Arachne's staff shoots out a stream of webbing.
The stream of webbing hits you but does no damage.
You are caught in a web!
The spark wasp stings you! The spark wasp shocks you. You resist.
The tarantella touches you!
The jorogumo hits you but does no damage.
The entropy weaver hits you but does no damage.
The entropy weaver hits you! The entropy weaver hits you.
The entropy weaver closely misses you. The wolf spider barely misses you.
The wolf spider bites you but does no damage.
Arachne hits you but does no damage. Arachne envenoms you.
You are poisoned.
Donald hits you with a +1 scimitar of holy wrath!!
* * * LOW HITPOINT WARNING * * *
The spark wasp stings you!!
* * * LOW HITPOINT WARNING * * *
The spark wasp shocks you. You resist.
* * * LOW HITPOINT WARNING * * *
The tarantella touches you but does no damage.
The entropy weaver closely misses you.
The entropy weaver hits you but does no damage.
The entropy weaver hits you!
* * * LOW HITPOINT WARNING * * *
The entropy weaver hits you but does no damage.
The jorogumo hits you!
* * * LOW HITPOINT WARNING * * *
You feel yourself slow down. The wolf spider hits you!!
You die...

**,^,,,,,,,,,,,,,,,,,*
*,,,^,,,.............* ******
***,,,,,,............#******,,,,,
*,,,,,,,,............**,,,,,,,,,,
**,,,,,,,...........**,^,,,,,***,
***,,,,,...?.s....#*,,,**,,,,,**
***,,,.........^#,,,**,,,,,,,^
***,,,,,......BHs.#,,**,,,,,,,,,
**,,,,,*^......y@..#***^,,,,,,*,,
*,,,,,,**.....^@sH.#*,,,,*,,,***^
,,,,,,,**....^..y..#*,,,***,^,*,,
^,,,,,***#.......[.s#^,,,*^,,,,,^
*,,,,,*,,#..........'.,,,,,^,,,,,
**,,,,,,,....#......'}.,^^,,^,,,,
***,,,,,.^..##.....'...,,^,^,,,,
*,,,,,,...,,.!.^..#...,*,,,,^,^
*,,,,,,,^,,,,,,,,**,,,***,,,*,,


You could see Arachne, a jorogumo, Donald, a sun moth, an entropy weaver, a
spark wasp, a wolf spider, 2 orb spiders and a tarantella.

Vanquished Creatures
  Saint Roka (Depths:2)
  A caustic shrike (Depths:3)
  the Enchantress (Depths:1)
  Mlioglotl (Spider:1)
  Rupert (D:15)
  A tentacled monstrosity (Depths:3)
  A lich (Depths:2)
  A titan (Depths:3)
  A walking divine tome (Depths:3)
  A walking frostbound tome (Depths:3)
  A sphinx (Depths:2)
  A tentacled starspawn (Abyss:2)
  Kirke (D:14)
  2 tengu reavers (Depths:1)
  4 fire giants
  A deep elf sorcerer (Elf:1)
  4 frost giants
  The ghost of Duqoann the Impaler, a journeyman DgWn (Spider:2)
  Louise (D:15)
  3 emperor scorpions (Spider:2)
  2 ghost moths (Spider:2)
  3 spectral caustic shrikes (Depths:1)
  Aizul (Spider:2)
  5 orc warlords (Orc:2)
  An ironbound preserver (D:14)
  2 very ugly things (Depths:2)
  A quicksilver ooze (shapeshifter) (Depths:2)
  3 spriggan defenders (Depths:1)
  A broodmother (Spider:3)
  6 stone giants
  4 entropy weavers (Spider:3)
  A lorocyproca (Depths:2)
  3 spark wasps
  Snorg (Lair:6)
  A deep elf death mage (Elf:1)
  4 ettins
  4 fire dragons
  5 great orbs of eyes
  A spriggan zombie (Abyss:2)
  An ice dragon (Depths:2)
  2 rakshasas
  8 boulder beetles
  4 spriggan air magi
  6 hydras
  2 jorogumos
  A catoblepas (Lair:6)
  3 centaur warriors
  A death knight (D:15)
  12 dancing weapons
  4 two-headed ogres
  3 deep troll shamans
  A radroach (Spider:2)
  2 deep troll earth magi (Depths:2)
  13 death yaks
  7 tengu warriors
  6 spriggan berserkers
  A soul eater (Depths:2)
  2 deep elf knights (Elf:1)
  3 orc high priests (Orc:2)
  A fire crab (D:14)
  An iron troll (Depths:2)
  2 hell knights (Depths:3)
  5 skeletal warriors
  A sun moth (Spider:3)
  A wretched star (Abyss:2)
  3 pharaoh ants
  A glowing orange brain (Depths:1)
  2 steelbarb worms
  7 orb spiders
  A lindwurm (Lair:6)
  4 deep trolls
  4 deep elf archers (Elf:1)
  5 necromancers (Depths:3)
  2 harpies (Depths:1)
  4 orc knights (Orc:2)
  6 wizards
  14 deep elf pyromancers
  30 ugly things
  18 deep elf zephyrmancers
  3 manticores
  Pikel (D:4)
  An oklob plant (Lair:1)
  A will-o-the-wisp (Abyss:2)
  14 wolf spiders
  12 orc sorcerers
  A worldbinder (Abyss:2)
  12 cyclopes
  6 moths of wrath
  2 rust devils
  An apocalypse crab (Abyss:2)
  13 elephants
  A torpor snail (Spider:1)
  Maurice (D:8)
  5 black mambas
  2 orange demons (Depths:2)
  10 cane toads
  A cane toad (shapeshifter) (D:14)
  4 smoke demons
  7 demonic crawlers
  2 kobold demonologists
  3 rime drakes
  5 freezing wraiths
  7 komodo dragons
  A tengu conjurer (D:11)
  A yaktaur (D:12)
  An efreet (Abyss:2)
  An ancient zyme (Abyss:2)
  4 meliai
  7 trolls
  7 polar bears
  20 blink frogs
  5 hornets
  Grinder (D:4)
  14 tarantellas
  A wolf spider simulacrum (D:15)
  9 raiju (Abyss:2)
  3 slime creatures (D:12)
  7 dream sheep (Lair:5)
  18 jumping spiders
  17 culicivoras
  6 wraiths
  5 spriggans
  3 vampires
  A shadow (D:11)
  5 water elementals
  A fire bat (Abyss:2)
  A wyvern (shapeshifter) (Elf:1)
  2 ynoxinuls (Abyss:2)
  94 yaks
  8 wyverns
  A fire elemental (Elf:1)
  A golden eye (Abyss:2)
  3 hogs (D:14)
  3 steam dragons
  8 basilisks
  A chaos spawn (Depths:2)
  38 redbacks
  9 vampire mosquitoes
  A warg (shapeshifter) (D:15)
  Menkaure (D:4)
  A neqoxec (Abyss:2)
  A large abomination (Abyss:2)
  5 wargs
  2 small abominations (Abyss:2)
  16 water moccasins
  6 acid dragons
  4 sky beasts
  2 floating eyes
  2 ice beasts
  A black bear (Lair:6)
  44 orc warriors
  3 necrophages
  2 boggarts
  9 ogres
  A phantom (D:5)
  17 wolves
  19 centaurs
  A lemure (D:4)
  Blork the orc (D:4)
  3 elf zombies (Ossuary)
  5 kobold brigands
  5 gnoll sergeants
  9 bullfrogs
  5 scorpions
  An earth elemental (Abyss:2)
  36 killer bees
  A wight (D:7)
  An electric eel (Lair:3)
  2 vampire bats (Lair:1)
  11 howler monkeys
  2 human zombies (Ossuary)
  2 centaur zombies (Ossuary)
  4 hounds (D:5)
  5 gnoll shamans
  4 jellies
  32 orc priests
  Jessica (D:3)
  6 iguanas
  29 orc wizards
  7 hell rats (Lair:1)
  3 hound zombies (Ossuary)
  4 mummies
  26 gnolls
  8 adders
  2 white imps
  An ufetubus (Abyss:2)
  3 adder zombies (Ossuary)
  A worm (D:3)
  4 dart slugs
  118 orcs
  10 endoplasms
  8 giant cockroaches
  5 goblins
  5 hobgoblins
  3 jackals (D:3)
  29 kobolds
  A quokka (D:1)
  6 ball pythons
  10 bats
  3 frilled lizards
  4 goblin zombies (Ossuary)
  3 hobgoblin zombies (Ossuary)
  3 jackal zombies (Ossuary)
  8 kobold zombies
  An orc zombie (D:7)
  4 quokka zombies (Ossuary)
  4 rats
  3 rat zombies (Ossuary)
  2 butterflies
1286 creatures vanquished.

Vanquished Creatures (others)
  A tengu reaver (Depths:3)
  4 foxfires (Abyss:2)
  50 fungi
  87 plants
  2 starspawn tentacles (Abyss:2)
144 creatures vanquished.

Grand Total: 1430 creatures vanquished

Notes
Turn   | Place    | Note
-------+----------+-------------------------------------------
     0 | D:1      | Ijustatesigmund the Hill Orc Fighter began the quest for
                  | the Orb.
     0 | D:1      | Reached XP level 1. HP: 19/19 MP: 1/1
   185 | D:1      | Reached XP level 2. HP: 23/26 MP: 2/2
   729 | D:2      | Reached XP level 3. HP: 31/31 MP: 3/3
  1080 | D:2      | Reached skill level 5 in Axes
  1186 | D:2      | Identified the +9 dagger of Past Mistakes {spect, rF++
                  | Stlth-}
  1469 | D:3      | Reached XP level 4. HP: 36/39 MP: 4/4
  1506 | D:3      | Identified the +2 robe of the Constellations {rPois rN+}
  1633 | D:3      | Identified the +10 mace of Due Proportion {vorpal, Dex+3}
  1654 | D:3      | Found a sacrificial altar of Ru.
  1672 | D:3      | Reached XP level 5. HP: 39/45 MP: 5/5
  1993 | D:3      | Noticed Jessica
  1994 | D:3      | Killed Jessica
  2060 | D:3      | Found a glowing golden altar of the Shining One.
  2191 | D:4      | Reached XP level 6. HP: 51/51 MP: 6/6
  2241 | D:4      | Noticed Blork the orc
  2247 | D:4      | Killed Blork the orc
  2322 | D:4      | Found a shimmering blue altar of Sif Muna.
  2373 | D:4      | Found an ornate altar of the Wu Jian Council.
  2482 | D:4      | Noticed Pikel
  2489 | D:4      | Killed Pikel
  2490 | D:4      | Reached XP level 7. HP: 30/57 MP: 7/7
  2975 | D:4      | Noticed Menkaure
  2980 | D:4      | Killed Menkaure
  2981 | D:4      | Reached XP level 8. HP: 29/66 MP: 8/8
  3262 | D:4      | Reached skill level 1 in Dodging
  3305 | D:4      | Noticed Grinder
  3306 | D:4      | Paralysed by Grinder for 7 turns
  3315 | D:4      | Killed Grinder
  3567 | D:5      | Entered Level 5 of the Dungeon
  3685 | D:5      | Reached skill level 5 in Fighting
  3880 | D:5      | Found a staircase to the Ecumenical Temple.
  4067 | D:5      | Reached skill level 5 in Armour
  4067 | D:5      | Reached skill level 5 in Shields
  4299 | D:5      | Reached XP level 9. HP: 75/75 MP: 9/9
  5291 | D:6      | Found a hide-covered altar of Uskayaw.
  5292 | D:6      | Found a hazy altar of Hepliaklqana.
  5517 | Temple   | Entered the Ecumenical Temple
  5766 | Temple   | Became a worshipper of Cheibriados the Contemplative
  5813 | D:6      | Reached skill level 1 in Invocations
  5912 | D:6      | Reached skill level 2 in Invocations
  6258 | D:6      | Found Tagub's Antique Weapon Boutique.
  6264 | D:6      | Bought a shimmering war axe for 178 gold pieces
  6264 | D:6      | Identified the +11 war axe "Vaozoest" {elec, rElec rC+ rN+
                  | MP+9} (You bought it in a shop on level 6 of the Dungeon)
  6455 | D:6      | Found Keklelag's Weapon Emporium.
  6885 | D:7      | Reached * piety under Cheibriados
  6886 | D:7      | Reached skill level 3 in Invocations
  7042 | D:7      | Reached skill level 4 in Invocations
  7042 | D:7      | Reached XP level 10. HP: 46/88 MP: 13/13
  7273 | D:7      | Found a sand-covered staircase.
  7281 | Ossuary  | Entered an ossuary
  7337 | Ossuary  | Reached ** piety under Cheibriados
  7670 | Ossuary  | Reached *** piety under Cheibriados
  7701 | Ossuary  | Reached skill level 5 in Invocations
  7903 | D:7      | Reached **** piety under Cheibriados
  8105 | D:7      | Reached skill level 6 in Invocations
  9027 | D:8      | Noticed Maurice
  9164 | D:8      | Killed Maurice
  9165 | D:8      | Reached skill level 7 in Invocations
  9165 | D:8      | Reached XP level 11. HP: 94/97 MP: 16/16
  9515 | D:9      | Noticed a two-headed ogre
  9520 | D:9      | Killed a two-headed ogre
  9714 | D:9      | Found a radiant altar of Vehumet.
  9907 | D:9      | Reached ***** piety under Cheibriados
 10244 | D:9      | Found a roughly hewn altar of Beogh.
 10453 | D:10     | Entered Level 10 of the Dungeon
 10577 | D:10     | Reached skill level 10 in Fighting
 10577 | D:10     | Reached skill level 8 in Invocations
 10973 | D:10     | Found an opulent altar of Gozag.
 11315 | D:11     | Noticed a sun demon
 11380 | D:11     | Noticed a cyclops
 11385 | D:11     | Killed a cyclops
 11386 | D:11     | Reached skill level 9 in Invocations
 11583 | D:11     | Noticed a two-headed ogre
 11590 | D:11     | Killed a two-headed ogre
 11591 | D:11     | Reached skill level 10 in Armour
 11594 | D:11     | Reached XP level 12. HP: 110/110 MP: 19/19
 11637 | D:11     | Noticed a two-headed ogre
 11642 | D:11     | Killed a two-headed ogre
 11662 | D:11     | Reached skill level 10 in Invocations
 11670 | D:11     | Noticed a boulder beetle
 11677 | D:11     | Killed a boulder beetle
 11737 | D:11     | Reached skill level 15 in Axes
 11748 | D:11     | Reached ****** piety under Cheibriados
 12588 | D:11     | Reached skill level 11 in Invocations
 12686 | D:11     | Learned a level 2 spell: Wereblood
 13243 | D:11     | Noticed a six-headed hydra
 13250 | D:11     | Killed a six-headed hydra
 13251 | D:11     | Reached skill level 1 in Transmutations
 13701 | D:11     | Identified a scroll of acquirement
 13701 | D:11     | Acquired the amulet "Risuxiyt" {Contam Regen+ rCorr Dex+2}
 13735 | D:11     | Found a staircase to the Lair.
 13861 | D:12     | Reached XP level 13. HP: 111/119 MP: 21/21
 14394 | D:12     | Found a staircase to the Orcish Mines.
 14779 | D:13     | Reached skill level 12 in Invocations
 14938 | D:13     | HP: 4/122 [skeletal warrior/+0 mace[a skeletal warrior]
                  | (24)]
 15600 | Lair:1   | Entered Level 1 of the Lair of Beasts
 16328 | Lair:1   | Reached XP level 14. HP: 112/129 MP: 23/23
 16610 | Lair:2   | Reached skill level 13 in Invocations
 16901 | Lair:2   | Reached skill level 5 in Dodging
 17011 | Lair:2   | Identified the +0 ring mail "Rachin" {Harm rF- Will+ Dex+6}
 17560 | Lair:3   | Found a staircase to the Shoals.
 18162 | Lair:4   | Reached skill level 1 in Evocations
 18743 | Lair:4   | Found a hole to the Spider Nest.
 19249 | Lair:5   | Reached skill level 5 in Evocations
 19258 | Lair:5   | Reached skill level 10 in Shields
 19309 | Lair:5   | You fall into a shaft and drop 1 floor!
 19309 | Lair:6   | Entered Level 6 of the Lair of Beasts
 19376 | Lair:6   | Reached XP level 15. HP: 74/137 MP: 25/25
 19476 | Lair:6   | Found the -2 hat of the Alchemist {rElec rPois rF+ rC+ rN+
                  | Will+ rMut rCorr}
 19491 | Lair:6   | Identified the +0 buckler of Sunlight {Str+3 Int+8}
 19613 | Lair:6   | Noticed Snorg
 19623 | Lair:6   | Killed Snorg
 20150 | Lair:6   | Found a viscous altar of Jiyva.
 20151 | Lair:6   | Found a staircase to the Slime Pits.
 21133 | Lair:5   | Identified the +5 whip "Suumpol" {freeze, rN+ Str+2 Int+2
                  | Dex+2}
 21631 | Orc:1    | Entered Level 1 of the Orcish Mines
 21763 | Orc:1    | Found Iczibep's Armour Shop.
 21771 | Orc:1    | Bought the +3 Mad Mage's Maulers {Infuse+∞ RegenMP Int-3}
                  | for 400 gold pieces
 21771 | Orc:1    | Found the +3 Mad Mage's Maulers {Infuse+∞ RegenMP Int-3}
 21847 | Orc:2    | Entered Level 2 of the Orcish Mines
 22016 | Orc:2    | Noticed an orc warlord
 22035 | Orc:2    | Killed an orc warlord
 22036 | Orc:2    | Reached skill level 14 in Invocations
 22383 | Orc:2    | Noticed an orc warlord
 22388 | Orc:2    | Paralysed by an orc sorcerer for 6 turns
 22416 | Orc:2    | Killed an orc warlord
 22431 | Orc:2    | Noticed an orc warlord
 22440 | Orc:2    | Noticed an orc warlord
 22442 | Orc:2    | Killed an orc warlord
 22454 | Orc:2    | Killed an orc warlord
 22551 | Orc:2    | Reached skill level 15 in Fighting
 22551 | Orc:2    | Noticed an orc warlord
 22551 | Orc:2    | Paralysed by an orc sorcerer for 6 turns
 22559 | Orc:2    | Reached XP level 16. HP: 126/149 MP: 27/27
 22569 | Orc:2    | Reached skill level 15 in Invocations
 22591 | Orc:2    | Found Juqikleifo's General Store.
 22628 | Orc:2    | Found Depu's Book Shoppe.
 22720 | Orc:2    | Found Ulawug's Antique Armour Shoppe.
 22720 | Orc:2    | Found Rabavoixt's Antique Weapon Emporium.
 22725 | Orc:2    | Bought 2 potions of heal wounds for 140 gold pieces
 22813 | Orc:2    | Found a roughly hewn altar of Beogh.
 23065 | Orc:2    | Found a staircase to the Elven Halls.
 23883 | Orc:2    | Bought a potion of curing for 42 gold pieces
 24204 | D:14     | Noticed Kirke
 24214 | D:14     | Killed Kirke
 24215 | D:14     | Reached skill level 16 in Invocations
 24725 | D:14     | Found a gate to the Vaults.
 24978 | D:15     | Entered Level 15 of the Dungeon
 25062 | D:15     | Paralysed by an orc sorcerer for 6 turns
 25089 | D:15     | Found a staircase to the Depths.
 25186 | D:15     | Reached skill level 17 in Invocations
 25239 | D:15     | Noticed Rupert
 25247 | D:15     | Killed Rupert
 25560 | D:15     | Noticed Louise
 25560 | D:15     | Cast into level 2 of the Abyss (Louise)
 25599 | Abyss:2  | Noticed a tentacled starspawn
 25603 | Abyss:2  | Killed a tentacled starspawn
 26123 | D:15     | Escaped the Abyss
 26133 | D:15     | Killed Louise
 26576 | Depths:1 | Entered Level 1 of the Depths
 26599 | Depths:1 | Noticed the Enchantress
 26606 | Depths:1 | Killed the Enchantress
 26607 | Depths:1 | Reached skill level 18 in Invocations
 26607 | Depths:1 | Reached XP level 17. HP: 77/163 MP: 28/30
 26895 | Depths:1 | Found Epsaigh's One-of-a-Kind Books.
 27027 | Depths:1 | Got Tuckinwu's Compendium of Cold
 27367 | Depths:1 | Found a gateway to Hell.
 27384 | Depths:1 | Reached skill level 19 in Invocations
 27741 | Elf:1    | Entered Level 1 of the Elven Halls
 28179 | Elf:1    | Reached skill level 20 in Invocations
 28855 | Elf:2    | Found a runed translucent gate.
 28855 | Elf:2    | Found a runed translucent gate.
 28855 | Elf:2    | Found a runed translucent gate.
 28913 | Elf:2    | Reached XP level 18. HP: 78/178 MP: 32/32
 29440 | Depths:2 | Found a one-way gate leading to the halls of Pandemonium.
 29934 | Depths:2 | Paralysed by a great orb of eyes for 4 turns
 30150 | Depths:2 | Reached skill level 21 in Invocations
 30157 | Depths:2 | Noticed Saint Roka
 30180 | Depths:2 | Killed Saint Roka
 30348 | Depths:2 | Found a bloodstained altar of Trog.
 30558 | Depths:2 | Noticed a lich
 30695 | Depths:2 | Killed a lich
 31290 | Depths:3 | Noticed a caustic shrike
 31291 | Depths:3 | Noticed a titan
 31295 | Depths:3 | Noticed a walking divine tome
 31297 | Depths:3 | Noticed a tentacled monstrosity
 31298 | Depths:3 | Killed a caustic shrike
 31309 | Depths:3 | Killed a titan
 31317 | Depths:3 | Killed a tentacled monstrosity
 31322 | Depths:3 | Noticed a walking frostbound tome
 31328 | Depths:3 | Killed a walking frostbound tome
 31344 | Depths:3 | Killed a walking divine tome
 31750 | Spider:1 | Entered Level 1 of the Spider Nest
 31887 | Spider:1 | Noticed Mlioglotl
 31905 | Spider:1 | Killed Mlioglotl
 31906 | Spider:1 | Reached XP level 19. HP: 86/184 MP: 33/33
 32292 | Spider:1 | Reached skill level 22 in Invocations
 33192 | Spider:2 | Found a transporter.
 33192 | Spider:2 | Noticed Duqoann's ghost (journeyman DgWn)
 33252 | Spider:2 | Found a transporter.
 33353 | Spider:2 | Noticed Aizul
 33363 | Spider:2 | Killed Aizul
 34474 | Spider:2 | Killed Duqoann's ghost
 34478 | Spider:2 | Identified the ring of Wymeifaesy {Wiz rC+ rCorr}
 34486 | Spider:2 | Got Sif Muna's Incunabulum of Evil Translocation
 35160 | Spider:4 | Entered Level 4 of the Spider Nest
 35182 | Spider:3 | Reached XP level 20. HP: 193/193 MP: 35/35
 35186 | Spider:4 | Noticed Donald
 35187 | Spider:4 | Noticed Arachne
 35224 | Spider:3 | Reached skill level 10 in Evocations
 35733 | Spider:4 | HP: 9/193 [jorogumo (12)]
 35733 | Spider:4 | Mangled by a wolf spider

Illustrated notes

Levels and vault maps discovered:
D:1:      minmay_arrival_loop, layout_loops_ring
D:2:      layout_loops_ring, minmay_misc_feat_alley, columned_hall_lemuel
D:3:      layout_basic, mainiacjoe_overflow_boulevard, tso_oasis_becter,
          uniq_jessica
D:4:      layout_basic, nicolae_wu_jian_immortal_techniques,
          mainiacjoe_overflow_paths, uniq_grinder, uniq_menkaure, uniq_pikel,
          uniq_blork_the_orc
D:5:      layout_basic, temple_statues, kennysheep_generic_room_14
D:6:      layout_basic, jmf_multi_god_temple, serial_shops,
          nicolae_shop_temple_entry_statues_fountains, shop
D:7:      layout_rooms, nicolae_ossuary_entry_giza, minmay_joined_circles
D:8:      layout_loops_ring, uniq_maurice
D:9:      layout_loops_ring, mainiacjoe_overflow_24_doors, special_room
          [special_room_orc]
D:10:     layout_rooms, mainiacjoe_overflow_surrounded_room
D:11:     hangedman_cross_cluster, layout_small_grid, erik_lair_dragon
D:12:     layout_irregular_city, hiddenorc1_lemuel
D:13:     layout_rooms
D:14:     layout_grid_maze, skrybe_vaults_entry_preservation, minivault_24,
          chequers_serial_rivers_room_a, uniq_kirke
D:15:     hangedman_depths_entry_civil_slaughter, layout_loops_ring,
          serial_bayou_pond_d, uniq_rupert, uniq_louise
Temple:   dpeg_chambers_temple
Lair:1:   wad_woods_minihive, layout_chaotic_city,
          nicolae_volcano_entry_hallway, roderic_batcave, fungi_pond_lemuel,
          dpeg_stationary_puzzle, lemuel_fruit_tree
Lair:2:   layout_roguey, nzn_sisyphean_effort, lemuel_fruit_fields
Lair:3:   layout_regular_city, minmay_shoals_entry_centaurs,
          eino_small_chamber_without_monster, minmay_stone_trees_large,
          small_statue_intersection, infiniplex_staircase_pool
Lair:4:   beast_lair_carwin_large_2, layout_loops_ring,
          hellmonk_spider_entry_life_and_decay, st_stairs_4, minivault_19
Lair:5:   layout_regular_city, grunt_megastairs_1, serial_bayou_shore_a
Lair:6:   grunt_lair_end_beastmaster, layout_long_grid,
          dpeg_slime_entry_enclosed_altar, uniq_snorg
Spider:1: layout_cave_pods, portal_ice_cave_entry_pillars_2, uniq_mlioglotl
Spider:2: layout_cave_pods, gammafunk_ghost_berserking_beasts,
          nicolae_spider_moth_buddies, uniq_aizul
Spider:3: layout_spider_delve, hangedman_spider_tarantella_strand
Spider:4: johnstein_spider_rune_arachne_lair, nicolae_spider_undead_wolf_pack,
          uniq_donald, uniq_mara
Orc:1:    layout_diamond_mine, serial_shops, nicolae_shop_hallway_stairs
Orc:2:    st_orc_congregation, layout_caves, mines2_david
Elf:1:    minmay_elf_arrival_summoners, layout_geoelf_octagon,
          hangedman_elf_disciples
Elf:2:    nicolae_elf_blades_splatter_lattice [mumra_blade_entry_dagger],
          layout_geoelf_diagonals, hex_large
Depths:1: layout_big_octagon, pf_hell_entry_tar_river, serial_bayou_lagoon_a,
          kennysheep_another_room, minmay_misc_feat_doors, nicolae_rare_books,
          minmay_misc_feat_room, hangedman_aviary, serial_bayou_shore_b,
          uniq_enchantress
Depths:2: minmay_blocking_statues, layout_gridlike, grunt_pan_entry_spiral,
          trog_three_pillars_becter, hell_entry, infiniplex_staircase_pool_2,
          firewood_loft, uniq_saint_roka
Depths:3: minmay_guarded_unrand_guard, layout_basic, abyss_entry,
          grunt_hell_entry_dis_grunt, good_gods_mini_temple,
          kennysheep_random_hallway

Skill      XL: |  1  2  3  4  5  6  7  8  9 10 11 12 13 14 15 16 17 18 19 20 |
---------------+-------------------------------------------------------------+-----
Axes           | 3 4 5 6 8 11 12 13 14 15 16 | 16.6
Fighting       | 4 5 7 9 11 12 13 15 17 19 20 | 20.1
Dodging        | 2 3 4 5 6 |  6.5
Armour         | 5 7 8 10 11 13 14 | 14.3
Shields        | 5 7 10 12 14 | 14.7
Invocations    | 4 7 9 11 12 13 14 18 20 21 22 | 22.8
Transmutations | 1 4 |  4.5
Evocations     | 6 9 10 | 10.1

Action                   |  1- 3 |  4- 6 |  7- 9 | 10-12 | 13-15 | 16-18 | 19-21 || total
-------------------------+-------+-------+-------+-------+-------+-------+-------++-------
Melee: War axe           |    77 |    17 |    27 |   444 |   702 |   953 |   302 ||  2522
       Mace              |       |    52 |   142 |     5 |    35 |       |       ||   234
Throw: Dart              |       |       |     1 |       |     1 |     3 |       ||     5
 Cast: Wereblood         |       |       |       |       |     5 |     3 |       ||     8
Invok: Slouch            |       |       |       |       |     3 |    12 |     3 ||    18
       Bend Time         |       |       |       |       |     3 |     4 |     1 ||     8
       Step From Time    |       |       |       |       |     1 |     3 |     2 ||     6
Evoke: Wand              |       |       |       |     2 |     2 |     4 |     8 ||    16
       Condenser vane    |       |       |       |       |     1 |     1 |       ||     2
  Use: Scroll            |     7 |     2 |     5 |     8 |    14 |     7 |     3 ||    46
       Potion            |       |       |     2 |       |     4 |    10 |     6 ||    22
 Stab: Petrified         |       |       |       |       |     2 |       |       ||     2
       Paralysed         |       |       |       |       |       |       |     2 ||     2
Armor: Scale mail        |    33 |    27 |    35 |       |       |       |       ||    95
       Plate armour      |       |       |    51 |   162 |   324 |     7 |       ||   544
       Skin              |       |       |       |     1 |       |       |       ||     1
       Chain mail        |       |       |       |       |       |   256 |       ||   256
       Fire dragon scale |       |       |       |       |       |    60 |   189 ||   249
Dodge: Dodged            |    35 |    32 |    72 |   143 |   430 |   540 |   301 ||  1553
Block: Buckler           |    22 |    18 |    74 |   116 |   262 |   332 |    21 ||   845
       Kite shield       |       |       |       |       |   116 |       |   273 ||   389

Table legend: (Time is in decaauts)
 A = Elapsed time spent in this place.
 B = Non-inter-level travel time spent in this place.
 C = Inter-level travel time spent in this place.
 D = Time resting spent in this place.
 E = Time spent auto-exploring this place.
 F = Levels seen in this place.
 G = Mean time per level.
                   A        B        C        D        E       F      G
               +--------+--------+--------+--------+--------+-----+--------+
         Total |  51632 |  46240 |   5392 |   6091 |  32427 |  35 | 1475.2 |
       Dungeon |  23295 |  20846 |   2449 |   2962 |  15136 |  15 | 1553.0 |
        Temple |    284 |    236 |     48 |      0 |    223 |   1 |  284.0 |
          Lair |  10770 |   9576 |   1194 |    296 |   7802 |   6 | 1795.0 |
   Spider Nest |   5815 |   5551 |    264 |   1261 |   3311 |   4 | 1453.8 |
  Orcish Mines |   3080 |   2287 |    793 |    356 |   1326 |   2 | 1540.0 |
   Elven Halls |   2181 |   1926 |    255 |    229 |   1305 |   2 | 1090.5 |
        Depths |   4894 |   4508 |    386 |    780 |   2565 |   3 | 1631.3 |
         Abyss |    786 |    786 |      0 |      6 |    579 |   1 |  786.0 |
       Ossuary |    525 |    525 |      0 |    201 |    179 |   1 |  525.0 |
               +--------+--------+--------+--------+--------+-----+--------+

Top non-repeatable levels by time:
    D:11: 3957 daAuts
Depths:2: 2775 daAuts
Spider:2: 2562 daAuts
   Orc:2: 2315 daAuts
  Lair:6: 2246 daAuts
    D:12: 2173 daAuts
    D:14: 1960 daAuts
  Lair:1: 1897 daAuts
   Elf:1: 1857 daAuts
     D:7: 1819 daAuts
  Lair:4: 1766 daAuts
  Lair:3: 1762 daAuts
Depths:1: 1756 daAuts
  Lair:5: 1732 daAuts
    D:15: 1701 daAuts
